 Dungeon Sprint DCSS version 0.19.0-2-gae57169 (webtiles) character file.

439 Ropoloid1 the Grappler (level 6, -1/55 (56) HPs)
             Began as a Draconian Transmuter on Nov 3, 2016.
             Was an Elder of Makhleb.
             Slain by a yak (11 damage)
             ... in the Dungeon (Sprint V: "Ziggurat Sprint").
             The game lasted 00:04:18 (252 turns).

Ropoloid1 the Grappler (Draconian Transmuter)        Turns: 252, Time: 00:04:18

HP:   -1/55 (56)    AC:  6    Str: 30    XL:     6   Next: 70%
MP:   13/13         EV: 14    Int: 13    God:    Makhleb [****..]
Gold: 0             SH:  0    Dex: 11    Spells: 1 memorised, 14 levels left

rFire  . . .     SeeInvis .     I - +13 scythe of Curses {drain, *Curse} (curse)
rCold  . . .     Gourm    .     (armour unavailable)
rNeg   . . .     Faith    .     (shield currently unavailable)
rPois  .         Spirit   .     (helmet restricted)
rElec  .         Reflect  .     (no cloak)
rCorr  .         Harm     .     (no gloves)
MR     .....     NoTele   +     (no boots)
Stlth  ++........               (no amulet)
                                L - ring of the Evening {Wiz -Tele *Corrode Str+9 Stlth+}
                                F - +6 ring of strength (curse)

@: no status effects
A: unfitting armour, cold-blooded, AC +6
a: Minor Destruction, Lesser Servant of Makhleb, Major Destruction, Renounce
Religion


You were in the Dungeon.
You worshipped Makhleb.
Makhleb was greatly pleased with you.
You were not hungry.

You visited 1 branch

Inventory:

Hand Weapons
 H - the cursed +8 lance "Wyrmbane" {slay drac, rPois rF+ rC+ AC+3}
   (You found it in the Dungeon)

   It affects your AC (+3).
   It protects you from fire.
   It protects you from cold.
   It protects you from poison.
   It has a curse placed upon it.
 I - the cursed +13 scythe of Curses (weapon) {drain, *Curse}
   (You found it in the Dungeon)

   A truly terrible weapon, it drains the life of those it strikes.
   It may re-curse itself when equipped.
   It has a curse placed upon it.
 K - the +7 longbow "Piercer" {penet, EV-2}
   (You found it in the Dungeon)

   Ammo fired by it will pass through the targets it hits, potentially hitting
   all targets in its path until it reaches maximum range.
   It affects your evasion (-2).
Missiles
 a - 12 arrows
Armour
 J - the +18 shield of the Gong {rElec rN+ MR+ EV-5}
   (You found it in the Dungeon)

   It affects your evasion (-5).
   It insulates you from electricity.
   It protects you from negative energy.
   It affects your resistance to hostile enchantments.
Rods
 M - a +4 rod of ignition (9/9)
   (You found it in the Dungeon)
Jewellery
 B - a cursed +6 ring of dexterity
 C - a +6 ring of dexterity
 D - a cursed +6 ring of intelligence
 E - a +6 ring of intelligence
 F - a cursed +6 ring of strength (left hand)
 G - a cursed +6 ring of strength
 L - the ring of the Evening (right hand) {Wiz -Tele *Corrode Str+9 Stlth+}
   (You found it in the Dungeon)

   [ring of wizardry]

   It improves your spell success rate.
   It affects your strength (+9).
   It prevents most forms of teleportation.
   It may corrode you when you take damage.
   It makes you more stealthy.
 N - a cursed ring of wizardry
 O - a +6 ring of dexterity
Wands
 v - a wand of disintegration (7/24)
 y - a wand of iceblast (5/15)
 z - a wand of lightning (5/15)
 A - a wand of acid (5/15)
Scrolls
 i - 4 scrolls of blinking
 l - 4 scrolls of amnesia
 m - 3 scrolls of recharging
 n - 7 scrolls of fog
 o - a scroll of holy word
 p - 5 scrolls of identify
 q - 5 scrolls of remove curse
 r - 2 scrolls of fear
Potions
 d - 10 potions of curing
 e - 10 potions of heal wounds
 f - 6 potions of haste
 g - 7 potions of magic
 h - 3 potions of berserk rage
 s - 2 potions of brilliance
 t - 2 potions of invisibility
 u - 4 potions of resistance
 w - 5 potions of agility
 x - 5 potions of might
Books
 b - a book of Changes

   Spells                             Type                      Level
   a - Beastly Appendage              Transmutation                1
   b - Sticks to Snakes               Transmutation                2
   c - Spider Form                    Transmutation/Poison         3
   d - Ice Form                       Ice/Transmutation            4
   e - Blade Hands                    Transmutation                5
 P - a book of Enchantments

   Spells                             Type                      Level
   a - Cause Fear                     Hexes                        4
   b - Yara's Violent Unravelling     Hexes/Transmutation          5
   c - Silence                        Hexes/Air                    5
   d - Deflect Missiles               Charms/Air                   6
   e - Discord                        Hexes                        8
Comestibles
 c - 5 bread rations
 j - 42 fruits
 k - 4 meat rations


   Skills:
 + Level 5.5 Fighting
 + Level 5.7 Polearms
 - Level 4.5 Dodging
 - Level 9.2 Unarmed Combat
 - Level 5.1 Spellcasting
 + Level 6.2 Transmutations


You had 14 spell levels left.
You knew the following spells:

 Your Spells              Type           Power        Failure   Level  Hunger
a - Beastly Appendage     Tmut           ###...       1%          1    None


Dungeon Overview and Level Annotations

Branches:
Dungeon (1/1)

Altars:
Ashenzari
Cheibriados
Dithmenos
Elyvilon
Fedhas
Gozag
Hepliaklqana
Kikubaaqudgha
Makhleb
Nemelex Xobeh
Okawaru
Qazlal
Ru
Sif Muna
Trog
Uskayaw
Vehumet
Xom
Yredelemnul
Zin
The Shining One
Beogh
Jiyva
Lugonu


Innate Abilities, Weirdness & Mutations

Your plain brown scales are hard. (AC +6)
You cannot fit into any form of body armour.
You are cold-blooded and may be slowed by cold attacks.


Message History

The bullfrog closely misses you. The bullfrog hits you.
The wolf barely misses you. The bullfrog hits you.
The bullfrog closely misses you. The wolf bites you!
The bullfrog barely misses you. The bullfrog misses you. The wolf bites you!
The bullfrog misses you. The yak gores you but does no damage.
The bullfrog hits you but does no damage.
The wolf misses you. The yak gores you but does no damage.
The bullfrog releases a deep croak.
The wolf completely misses you.
You barely miss the wolf. The wolf barely misses you.
The wolf closely misses you. The wolf bites you.
The yak gores you but does no damage.
You hit the yak.
The yak looks less resilient!
The wolf bites you but does no damage. The wolf closely misses you.
The yak closely misses you. The wolf bites you!
* * * LOW HITPOINT WARNING * * *
The yak gores you!
You die...

▓.....▓.....▓▓▓▓▓▓▓
▓▓▓▓▓▓▓▓▓▓▓▓▓▓▓▓▓▓
..8©8...▓..8©8...▓
...}....▓..!|:...▓
...[....▓..=.}...▓
........▓........▓
...†....▓......FY▓
.▓†...▓.▓.▓....▓Y▓
..†.....▓.....Fh@▓
▓▓▓▓▓▓▓▓▓▓▓▓▓▓▓▓▓▓


You could see 2 yaks, a wolf and 2 bullfrogs.

Vanquished Creatures
  A porcupine (D)
  A phantom (D)
  A necrophage (D)
  2 crimson imps (D)
  2 iguanas (D)
  An iron imp (D)
  2 river rats (D)
  A shadow imp (D)
  A bat skeleton (D)
  A jackal (D)
13 creatures vanquished.

Notes
Turn   | Place    | Note
-------+----------+-------------------------------------------
     0 | D        | Ropoloid1 the Draconian Transmuter began the quest for the Orb.
     0 | D        | Reached XP level 1. HP: 16/16 MP: 3/3
     0 | D        | Found a deep blue altar of Sif Muna.
     0 | D        | Found a bloodstained altar of Trog.
     0 | D        | Found a sacrificial altar of Ru.
     0 | D        | Found a stormy altar of Qazlal.
     0 | D        | Found an iron altar of Okawaru.
     1 | D        | Found a sparkling altar of Nemelex Xobeh.
     2 | D        | Found an ancient bone altar of Kikubaaqudgha.
     2 | D        | Found a corrupted altar of Lugonu.
     2 | D        | Found a viscous altar of Jiyva.
     2 | D        | Found a burning altar of Makhleb.
     2 | D        | Found a hazy altar of Hepliaklqana.
     2 | D        | Found an opulent altar of Gozag.
     4 | D        | Found a blossoming altar of Fedhas.
    10 | D        | Reached XP level 2. HP: 28/28 MP: 5/5
    47 | D        | Became a worshipper of Makhleb the Destroyer
    67 | D        | Entered arena 1.
    86 | D        | Entered arena 2.
    86 | D        | Noticed a phantom
    86 | D        | Noticed a necrophage
    87 | D        | Reached * piety under Makhleb
    90 | D        | Killed a phantom
    90 | D        | Reached skill level 6 in Unarmed Combat
    90 | D        | Reached skill level 5 in Transmutations
    90 | D        | Reached XP level 3. HP: 34/34 MP: 6/8
    90 | D        | Reached XP level 4. HP: 40/40 MP: 6/9
    91 | D        | Killed a necrophage
    91 | D        | Reached skill level 5 in Fighting
    91 | D        | Reached skill level 7 in Unarmed Combat
    91 | D        | Reached XP level 5. HP: 47/47 MP: 6/11
    97 | D        | Got the ring of the Evening {Wiz -Tele *Corrode Str+9 Stlth+}
   101 | D        | Entered arena 3.
   104 | D        | Reached ** piety under Makhleb
   108 | D        | Reached skill level 8 in Unarmed Combat
   108 | D        | Reached XP level 6. HP: 47/55 MP: 8/12
   111 | D        | Reached *** piety under Makhleb
   111 | D        | Reached skill level 5 in Polearms
   159 | D        | Entered arena 4.
   159 | D        | Noticed a porcupine
   165 | D        | Killed a porcupine
   165 | D        | Reached skill level 9 in Unarmed Combat
   165 | D        | Reached skill level 5 in Spellcasting
   167 | D        | Reached **** piety under Makhleb
   244 | D        | Entered arena 5.
   244 | D        | Noticed a yak
   244 | D        | Noticed a yak
   252 | D        | Slain by a yak

Skill      XL: |  1  2  3  4  5  6 |
---------------+-------------------+-----
Fighting       | 4 5 |  5.5
Polearms       | 4 5 |  5.7
Transmutations | 4 5 6 |  6.2
Dodging        | 2 3 4 |  4.5
Unarmed Combat | 6 7 8 9 |  9.2
Spellcasting   | 3 4 5 |  5.1

Action                   |  1- 3 |  4- 6 || total
-------------------------+-------+-------++-------
Melee: Scythe            |     4 |    18 ||    22
       Lance             |     4 |       ||     4
       Tailslap          |       |     1 ||     1
  Use: Potion            |     1 |       ||     1
Armor: Skin              |     1 |    10 ||    11
Dodge: Dodged            |       |    31 ||    31
